 Dungeon Sprint DCSS version 0.31-a0-868-g674d60d6f7 (webtiles) character file.

Game seed: 11913040635885643223

916 rocky1 the Nimble (level 8, -3/62 HPs)
             Began as a Djinni Gladiator on Oct 12, 2023.
             Was an Initiate of Gozag.
             Slain by a neqoxec (10 damage)
             ... in the Dungeon (Sprint II: "The Violet Keep of Menkaure").
             The game lasted 00:01:41 (300 turns).

rocky1 the Nimble (Djinni Gladiator)                 Turns: 300, Time: 00:01:42

Health: -3/62      AC:  4    Str: 11      XL:     8   Next: 30%
Gold:   360        EV: 17    Int:  7 (9)  God:    Gozag SH:  0 Dex: 15 (16)

rFire   + + .        a - +0 long sword
rCold   x x .        (no shield)
rNeg    . . .        b - +0 leather armour
rPois   ∞            c - +0 helmet
rElec   .            (no cloak)
rCorr   .            (no gloves)
SInv    .            (boots unavailable)
Will    .....        (no amulet)
Stlth   +            (no ring)
HPRegen 0.30/turn    (no ring)
MPRegen 0.00/turn

%: no teleportation, random rage (3%), infuse magic (-4 HP)
@: gold aura, on berserk cooldown, flying, slowed, very slow
A: sickness immunity, fire resistance 2, cold vulnerability 2, float, innate
caster, HP casting, extra vitality 1, berserk 1, clumsy 1, deterioration 1, weak
1, devolution 1
a: Renounce Religion, Potion Petition, Call Merchant, Bribe Branch


You were in the Dungeon.
You worshipped Gozag.
Gozag was aware of your devotion.
You visited 1 branch You collected 360 gold pieces.

Inventory:

Hand Weapons
 a - a +0 long sword (weapon)
Missiles
 d - 3 throwing nets (quivered)
 e - a javelin
Armour
 b - a +0 leather armour (worn)
 c - a +0 helmet (worn)
Scrolls
 j - a scroll of blinking
Potions
 f - a potion of curing


   Skills:
 + Level 6.4 Fighting
 + Level 10.5 Long Blades
 + Level 4.5 Throwing
 + Level 2.9 Armour
 + Level 11.5 Dodging


You knew the following spells:

 Your Spells              Type           Power      Damage    Failure   Level
a - Freeze                Ice            0%         1d3       52%         1
b - Scorch                Fire           0%         2d5       65%         2
c - Static Discharge      Conj/Air       0%         2-2/arc   65%         2
Your spell library was empty.

Dungeon Overview and Level Annotations

Branches:
Dungeon (1/1)

Altars:
Cheibriados
Dithmenos
Elyvilon
Fedhas
Gozag
Hepliaklqana
Makhleb
Nemelex Xobeh
Okawaru
Qazlal
Ru
Trog
Uskayaw
Wu Jian
Xom
Yredelemnul
Zin
The Shining One
Jiyva
Lugonu

Shops:
D =(!(*!=:[[[!?*

Annotations:
D exclusion: orange crystal statue


Innate Abilities, Weirdness & Mutations

You are immune to sickness and miasma.
You are immune to poison.
Your flesh is very heat resistant. (rF++)
You are very vulnerable to cold. (rC--)
You float through the air rather than walking.
You learn spells naturally, not from books.
Your magical power is your life essence.
You have superior vitality. (+4 MHP)
You sometimes lose your temper in combat.
You are clumsy. (Dex -2)
Your body sometimes deteriorates upon taking damage.
You are weak. (Str -2)
You have hidden genetic defects.


Message History

Something feeds on your intellect!
The neqoxec hits you but does no damage.
You slash the neqoxec!
The neqoxec is heavily wounded.
The neqoxec hits you! x2
* * * LOW HITPOINT WARNING * * *
You closely miss the neqoxec.
The neqoxec is heavily wounded.
The neqoxec misses you.
You slash the neqoxec!
The neqoxec is almost dead.
The neqoxec hits you!
* * * LOW HITPOINT WARNING * * *
Your body deteriorates!
You feel clumsy.
You barely miss the neqoxec.
The neqoxec is almost dead.
The neqoxec hits you but does no damage.
The neqoxec completely misses you.
You slash the neqoxec!
You kill the neqoxec!
You feel your intelligence returning.
You barely miss the neqoxec. The neqoxec gestures at you.
You feel dopey. Something feeds on your intellect!
You closely miss the neqoxec. The neqoxec gestures at you.
Strange energies course through your body.
You feel clumsy. The neqoxec misses you.
You hit the neqoxec.
The neqoxec is lightly wounded.
The neqoxec gestures at you.
Strange energies course through your body.
You feel vulnerable to cold.
You barely miss the neqoxec.
The neqoxec is lightly wounded.
The neqoxec hits you!
You die...
Your body crumbles into a pile of gold.

###≈§≈§≈§≈≈≈ .~## ≈≈≈≈≈
########~~#+++#+++##
#######~~~.........#
..∩.∩.#~~~~.##+##..#
.∩.∩..#~~~~##...##.####
.
∩.∩...#~~~~#..#).#....#
.
.∩....#~~####...####..##
# ∩.∩...#~##@###'##
##..# +
.∩.∩..#~#.#3##.## #..# #
....∩.+~'##$'.<.+
+..#### ...∩.∩#~##
.##.## #.§..##
▓▓▓▓###~## ###+#
##...... (######~~###
###~§§.... $# ##~~~#
#§~~~~§~.. #+#~##
##~~~~~~~~.
#~~##+##~~§≈≈≈~~~~


You could see a neqoxec.

Vanquished Creatures
  A merfolk siren (D)
  3 neqoxecs (D)
  2 water moccasins (D)
6 creatures vanquished.

Vanquished Creatures (others)
  Menkaure (D)
1 creature vanquished.

Grand Total: 7 creatures vanquished

Notes
Turn   | Place    | Note
-------+----------+-------------------------------------------
     0 | D        | rocky1 the Djinni Gladiator began the quest for the Orb.
     0 | D        | Reached XP level 1. HP: 18/18 MP: 0/0
     1 | D        | Noticed a merfolk siren
    37 | D        | Killed a merfolk siren
    38 | D        | Reached skill level 5 in Fighting
    38 | D        | Reached skill level 9 in Dodging
    38 | D        | Reached XP level 2. HP: 28/28 MP: 0/0
    38 | D        | Reached XP level 3. HP: 33/33 MP: 0/0
    38 | D        | Learned a level 1 spell: Freeze
    38 | D        | Reached XP level 4. HP: 39/39 MP: 0/0
    38 | D        | Reached XP level 5. HP: 43/43 MP: 0/0
    38 | D        | Learned a level 2 spell: Scorch
    38 | D        | Reached XP level 6. HP: 49/49 MP: 0/0
    45 | D        | Noticed an orange crystal statue
    47 | D        | Noticed a water moccasin
    64 | D        | Killed a water moccasin
    65 | D        | Reached skill level 10 in Dodging
    65 | D        | Reached XP level 7. HP: 41/54 MP: 0/0
    65 | D        | Learned a level 2 spell: Static Discharge
    66 | D        | Found Diagadise's Distillery.
    66 | D        | Found Odaboo's Magic Scroll Boutique.
    66 | D        | Found Dufe's General Store.
    67 | D        | Found Hoppak's Antique Armour Shop.
    67 | D        | Found Umaockozir's Antique Armour Shop.
    67 | D        | Found Addecs's Antique Armour Boutique.
    68 | D        | Found Noizer's Jewellery Shop.
    68 | D        | Found Doffaez's Book Boutique.
    68 | D        | Found Tufooj's Distillery.
    69 | D        | Found Zeamam Lydu's Weapon Shop.
    69 | D        | Found Xeidaz's General Store.
    69 | D        | Found Zeosydim's Distillery.
    70 | D        | Found Kot Lim's Antique Weapon Shop.
    70 | D        | Found Zeogi's Jewellery Boutique.
    83 | D        | Noticed a water moccasin
    89 | D        | Found an iron altar of Okawaru.
    89 | D        | Found a glowing silver altar of Zin.
    90 | D        | Found a sparkling altar of Nemelex Xobeh.
    90 | D        | Found a hide-covered altar of Uskayaw.
    90 | D        | Found a basalt altar of Yredelemnul.
    90 | D        | Found a glowing golden altar of the Shining One.
    91 | D        | Found a burning altar of Makhleb.
    91 | D        | Found an opulent altar of Gozag.
    91 | D        | Found a bloodstained altar of Trog.
    91 | D        | Found a shimmering altar of Xom.
    92 | D        | Found a blossoming altar of Fedhas.
    92 | D        | Found a corrupted altar of Lugonu.
    92 | D        | Found an ornate altar of the Wu Jian Council.
    93 | D        | Found a white marble altar of Elyvilon.
    93 | D        | Found a sacrificial altar of Ru.
    94 | D        | Found a shadowy altar of Dithmenos.
    94 | D        | Found a viscous altar of Jiyva.
    95 | D        | Found a snail-covered altar of Cheibriados.
    95 | D        | Noticed Menkaure
    96 | D        | Found a hazy altar of Hepliaklqana.
    97 | D        | Found a stormy altar of Qazlal.
    99 | D        | Became a worshipper of Gozag Ym Sagoz the Greedy
   128 | D        | Killed a water moccasin
   129 | D        | Reached skill level 1 in Armour
   181 | D        | Killed Menkaure
   260 | D        | Noticed a neqoxec
   268 | D        | Killed a neqoxec
   269 | D        | Reached skill level 11 in Dodging
   271 | D        | Noticed a neqoxec
   271 | D        | Noticed a neqoxec
   271 | D        | Noticed a neqoxec
   280 | D        | Killed a neqoxec
   281 | D        | Reached skill level 10 in Long Blades
   281 | D        | Reached XP level 8. HP: 47/61 MP: 0/0
   282 | D        | Gained mutation: You have hidden genetic defects. [a
                  | neqoxec]
   283 | D        | Gained mutation: You are weak. (Str -2) [a neqoxec]
   285 | D        | Gained mutation: You sometimes lose your temper in combat.
                  | [a neqoxec]
   288 | D        | Gained mutation: Your body sometimes deteriorates upon
                  | taking damage. [a neqoxec]
   298 | D        | Gained mutation: You are clumsy. (Dex -2) [a neqoxec]
   299 | D        | Gained mutation: You are very vulnerable to cold. (rC--) [a
                  | neqoxec]
   300 | D        | Slain by a neqoxec

Illustrated notes

Levels and vault maps discovered:
D:        the_violet_keep_of_menkaure [sprint2_stairs_cluster_1,
          sprint2_shoproom, sprint2_temple, sprint2_basic_supplies,
          sprint2_obstacle_5, sprint2_obstacle_1, sprint2_obstacle_4,
          sprint2_obstacle_2, sprint2_obstacle_7, sprint2_timed_cluster_1,
          sprint2_smallroom_cluster_1, sprint2_smallroom_final_cluster_1,
          sprint2_transparent_cluster_1, sprint2_second_timed_cluster_1,
          sprint2_sniper_area_1, sprint2_heavy_combat_area_1,
          sprint2_mutation_trap_area_1, sprint2_forest_area_1,
          sprint2_light_combat_area_1, sprint2_behind_water_1,
          sprint2_near_end_vault_1]

Skill      XL: |  1  2  3  4  5  6  7 |
---------------+----------------------+-----
Fighting       | 5 6 |  6.4
Long Blades    | 7 8 10 | 10.5
Throwing       | 4 |  4.5
Dodging        | 9 10 11 | 11.5
Armour         | 2 |  2.9

Action                     |  1- 3 |  4- 6 |  7- 9 || total
---------------------------+-------+-------+-------++-------
  Melee: Long sword        |    32 |    17 |    42 ||    91
         Punch             |       |     1 |     1 ||     2
    Use: Potion            |     2 |       |     1 ||     3
 Armour: Leather armour    |     1 |     6 |    18 ||    25
  Dodge: Dodged            |     2 |    13 |    19 ||    34

Table legend: (Time is in decaauts)
 A = Elapsed time spent in this place.
 B = Non-inter-level travel time spent in this place.
 C = Inter-level travel time spent in this place.
 D = Time resting spent in this place.
 E = Time spent auto-exploring this place.
 F = Levels seen in this place.
 G = Mean time per level.
                   A        B        C        D        E       F      G
               +--------+--------+--------+--------+--------+-----+--------+
         Total |    288 |    288 |      0 |    102 |      0 |   1 |  288.0 |
       Dungeon |    288 |    288 |      0 |    102 |      0 |   1 |  288.0 |
               +--------+--------+--------+--------+--------+-----+--------+

Top non-repeatable levels by time:
       D: 288 daAuts
